 Dungeon Crawl Stone Soup version 0.30-a0-924-g0ad0bf95bc (webtiles) character file.

Game seed: 2827861966838344057

49 Iniera the Conjurer (level 3, -1/21 HPs)
             Began as an Octopode Conjurer on Mar 22, 2023.
             Slain by a kobold
             ... wielding a +2 vampiric short sword
              (4 damage)
             ... on level 2 of the Dungeon.
             The game lasted 00:01:58 (2079 turns).

Iniera the Conjurer (Octopode Conjurer)             Turns: 2079, Time: 00:01:59

Health: -1/21      AC:  1    Str:  6    XL:     3   Next: 77%
Magic:  2/6        EV: 13    Int: 22    God:
Gold:   67         SH:  0    Dex: 10    Spells: 5/6 levels left

rFire   . . .      SeeInvis .    g - +1 whip (venom)
rCold   . . .      Faith    .    (no shield)
rNeg    . . .      Spirit   .    (helmet restricted)
rPois   .          Reflect  .    f - amulet of the acrobat
rElec   .          Rampage  .    (no ring)
rCorr   .                        (no ring)
Will    .....                    (no ring)
Stlth   +++                      (no ring)
HPRegen 0.23/turn                (no ring)
MPRegen 0.10/turn                (no ring)
                                 (no ring)
                                 (no ring)

@: no status effects
A: almost no armour, amphibious, 8 rings, camouflage 1, gelatinous body 1,
(nimble swimmer 1), tentacles
a: no special abilities


You were on level 2 of the Dungeon.
You visited 1 branch of the dungeon, and saw 2 of its levels.

You collected 67 gold pieces.

Inventory:

Hand Weapons
 g - a +1 whip of venom (weapon)
Jewellery
 f - an amulet of the acrobat (around mantle)
Scrolls
 b - a scroll of magic mapping {unknown}
 d - a scroll of acquirement {unknown}
 h - a scroll of vulnerability
 j - a scroll of identify
Potions
 a - a potion of magic
 c - a potion of lignification
 e - 5 potions of curing
 i - a potion of brilliance {unknown}
 k - a potion of might {unknown}


   Skills:
 - Level 2.0 Dodging
 - Level 2.6 Stealth
 - Level 2.0 Spellcasting
 * Level 5.3 Conjurations


You had 5 spell levels left.
You knew the following spells:

 Your Spells              Type           Power      Damage    Failure   Level
a - Magic Dart            Conj           100%       1d8       1%          1

Your spell library contained the following spells:

 Spells                   Type           Power      Damage    Failure   Level
 Searing Ray              Conj           50%        2d6       2%          2
 Dazzling Flash           Conj/Hex       26%        N/A       14%         3
 Cigotuvi's Dreadful Rot  Necr/Pois/Air  4%         N/A       21%         2
 Poisonous Vapours        Pois/Air       4%         N/A       21%         2
 Mephitic Cloud           Conj/Pois/Air  10%        N/A       21%         3
 Fulminant Prism          Conj/Hex       6%         3d6       41%         4
 Iskenderun's Mystic Bla  Conj/Tloc      13%        2d5       41%         4


Dungeon Overview and Level Annotations

Branches:
Dungeon (2/15)

Altars:


Innate Abilities, Weirdness & Mutations

You cannot wear most types of armour.
You are amphibious.
You can wear up to eight rings at the same time.
Your skin changes colour to match your surroundings (Stealth+).
Your rubbery body absorbs attacks. (AC +1, EV +1)
((You are camouflaged when in or above water. (Stealth+)))
You have tentacles for arms and can constrict up to eight enemies at once.


Message History

You hit the kobold.
You kill the kobold!
The kobold throws a stone.
The stone closely misses you. The kobold completely misses you.
You see here a +0 dagger.
You completely miss the kobold.
The kobold shouts!
You grab the kobold.
You constrict the kobold, but do no damage.
You hear a shout!
The kobold hits you but does no damage.
You hear a shout!
You release your grip on the kobold.
The kobold throws a stone.
The stone barely misses you.
The kobold throws a stone.
The stone completely misses you.
Casting: Magic Dart (safe; 1% risk of failure)
Confirm with . or Enter, or press ? or * to list all spells.
You don't know that spell.
Unknown command.
The magic dart hits the kobold but does no damage.
The magic dart hits the kobold.
You kill the kobold!
The magic dart hits the kobold but does no damage.
You closely miss the kobold. Your grab misses the kobold.
The kobold hits you with a +2 vampiric short sword.
The kobold hits you with a +2 vampiric short sword!
You closely miss the kobold. Your grab misses the kobold.
You squeeze the kobold, but do no damage.
The kobold hits you with a +2 vampiric short sword!
* * * LOW HITPOINT WARNING * * *
You barely miss the kobold. Your grab misses the kobold.
The kobold completely misses you.
You are too injured to fight recklessly!
Aiming: Magic Dart (safe; 1% risk of failure)
Press: ? - help, Q - select action Shift-Dir - straight line, f/p - kobold
Aim: a kobold, wielding a +2 vampiric short sword (100% to hit)
The magic dart hits the kobold.
The kobold is severely wounded.
The kobold hits you with a +2 vampiric short sword.
You die...

# #.......###.###.# ###
####+#..........# ...
#........#.#.# .....
#.#..#####.#.####### ......
#.#.................
......#######...#####..#.#######
...............## #..#.#
......#.......#######K.#.#
................@KKKKK.#.#
#.............#######K.#.#
#.#..##....#### ##'###
#.#.>##..†.# #..K# #.##.#.....#
#$..# #.##.#.##### ##'##
..##.#.# ... .......# ..K
#.##.#.#


KKK You could see 7 kobolds.

Vanquished Creatures
  An adder (D:2)
  2 worms (D:2)
  6 bats
  5 endoplasms
  3 giant cockroaches
  A hobgoblin (D:1)
  4 kobolds (D:2)
  4 quokkas (D:1)
  3 ball pythons
  2 frilled lizards (D:1)
  A rat (D:1)
32 creatures vanquished.

Notes
Turn   | Place    | Note
-------+----------+-------------------------------------------
     0 | D:1      | Iniera the Octopode Conjurer began the quest for the Orb.
     0 | D:1      | Reached XP level 1. HP: 11/11 MP: 3/3
   335 | D:1      | Reached XP level 2. HP: 14/17 MP: 1/5
  1226 | D:1      | Found a faded altar of an unknown god.
  1352 | D:2      | Reached skill level 5 in Conjurations
  1352 | D:2      | Reached XP level 3. HP: 21/21 MP: 2/6
  2079 | D:2      | Slain by a kobold

Illustrated notes

Levels and vault maps discovered:
D:1:      dpeg_arrival_boxes_within_box, layout_basic,
          shapermc_ecumenical_altar_mp_vishouse
D:2:      layout_basic, minmay_goblin_kobold_house

Skill      XL: |  1  2 |
---------------+-------+-----
Conjurations   | 5 |  5.3
Dodging        | |  2.0
Stealth        | |  2.6
Spellcasting   | |  2.0

Action                     || total
---------------------------++-------
  Melee: Unarmed           ||    46
         Tentacles         ||     9
         Constrict         ||    16
         Whip              ||    12
   Cast: Magic Dart        ||    47
    Use: Scroll            ||     5
   Stab: Sleeping          ||     3
 Armour: Skin              ||     4
  Dodge: Dodged            ||    54

Table legend: (Time is in decaauts)
 A = Elapsed time spent in this place.
 B = Non-inter-level travel time spent in this place.
 C = Inter-level travel time spent in this place.
 D = Time resting spent in this place.
 E = Time spent auto-exploring this place.
 F = Levels seen in this place.
 G = Mean time per level.
                   A        B        C        D        E       F      G
               +--------+--------+--------+--------+--------+-----+--------+
         Total |   2079 |   2028 |     51 |    100 |   1680 |   2 | 1039.5 |
       Dungeon |   2079 |   2028 |     51 |    100 |   1680 |   2 | 1039.5 |
               +--------+--------+--------+--------+--------+-----+--------+

Top non-repeatable levels by time:
     D:1: 1299 daAuts
     D:2: 780 daAuts
